 Dungeon Crawl Stone Soup version 0.31-a0-233-g139696dc86 (webtiles) character file.

Game seed: 10305874126831409608

69 Gargoyl the Trooper (level 4, -3/29 HPs)
             Began as a Gargoyle Berserker on July 9, 2023.
             Was a Believer of Trog.
             Slain by Terence
             ... wielding a +0 morningstar
              (8 damage)
             ... on level 2 of the Dungeon.
             The game lasted 00:01:43 (1057 turns).

Gargoyl the Trooper (Gargoyle Berserker)            Turns: 1057, Time: 00:01:44

Health: -3/29      AC:  9    Str: 20    XL:     4   Next: 20%
Magic:  4/4        EV: 11    Int:  8    God:    Trog [**....]
Gold:   58         SH:  5    Dex: 11    Spells: 3/3 levels left

rFire   . . .        a - +0 hand axe (chaos)
rCold   . . .        (no shield)
rNeg    + . .        e - +0 ring mail
rPois   ∞            (no helmet)
rElec   +            (no cloak)
rCorr   .            (no gloves)
SInv    .            (no boots)
Will    .....        b - amulet of reflection
Stlth   +            (no ring)
HPRegen 0.24/turn    (no ring)
MPRegen 0.09/turn

%: reflection
@: no status effects
A: sickness immunity, AC +3, negative energy resistance 1, electricity
resistance, torment resistance 1, petrification resistance
a: Renounce Religion, Berserk, Trog's Hand


You were on level 2 of the Dungeon.
You worshipped Trog.
Trog was pleased with you.
You visited 1 branch of the dungeon, and saw 2 of its levels.

You collected 58 gold pieces.

Inventory:

Hand Weapons
 a - a +0 hand axe of chaos (weapon)
Armour
 e - a +0 ring mail (worn)
Jewellery
 b - an amulet of reflection (around neck)
Potions
 c - 2 potions of enlightenment
 d - a potion of invisibility {unknown}
 f - a potion of ambrosia {unknown}
 g - a potion of curing


   Skills:
 + Level 4.1 Fighting
 + Level 3.5 Axes
 + Level 2.6 Armour
 + Level 1.8 Dodging
 + Level 0.4 Stealth


You had 3 spell levels left.
You didn't know any spells.
Your spell library was empty.

Dungeon Overview and Level Annotations

Branches:
Dungeon (2/15)

Altars:

Annotations:
D:2 Terence


Innate Abilities, Weirdness & Mutations

You are immune to sickness and miasma.
Your stone body is resilient. (AC +3)
You are immune to poison.
You resist negative energy. (rN+)
You are resistant to electric shocks. (rElec)
You are resistant to unholy torment.
You are immune to petrification.


Message History

The ball python constricts you.
You hit the ball python.
You kill the ball python!
Trog accepts your kill.
HP restored.
Found 4 javelins.
You see here 4 javelins.
Terence the Incautious comes into view.
He is wielding a +0 morningstar.
Terence shouts!
Terence barely misses you.
You barely miss Terence. Your punch misses Terence. Terence closely misses you.
You closely miss Terence. Terence hits you with a +0 morningstar!
Terence hits you but does no damage.
You hit Terence. You freeze Terence.
Terence is moderately wounded.
Terence barely misses you.
You hit Terence but do no damage.
Terence is moderately wounded.
Terence completely misses you.
You closely miss Terence.
Terence is moderately wounded.
You block Terence's attack.
You hit Terence but do no damage.
Terence is poisoned.
Terence is moderately wounded.
Terence drinks a potion.
Terence is healed!
Terence looks more healthy.
You closely miss Terence.
Terence is lightly wounded.
You block Terence's attack.
You barely miss Terence.
Terence is lightly wounded.
Terence hits you with a +0 morningstar.
You hit Terence but do no damage.
Terence is lightly wounded.
Terence hits you with a +0 morningstar!
You closely miss Terence.
Terence is lightly wounded.
Terence hits you with a +0 morningstar.
* * * LOW HITPOINT WARNING * * *
Terence hits you with a +0 morningstar!
You die...

#..# #.....#
#####..#
#.....# .#
.......#
#.....# ..
######.#
#.....# .#
....##.#
#.....# .# #
....##.#
#.....# .##.#
.......#
#.....# ...
....####
###+#.##.####..
....#
#..@@......
....#
####.####..
....#### ##
........
.###### .#
.###### '#....#
......#


You could see Terence.

Vanquished Creatures
  A gnoll (D:1)
  An adder (D:2)
  A dart slug (D:1)
  6 ball pythons
  2 endoplasms
  5 giant cockroaches (D:1)
  5 goblins
  3 hobgoblins
  5 jackals (D:1)
  5 kobolds
  2 quokkas
  A bat (D:1)
  3 frilled lizards (D:1)
  3 rats
43 creatures vanquished.

Notes
Turn   | Place    | Note
-------+----------+-------------------------------------------
     0 | D:1      | Gargoyl the Gargoyle Berserker began the quest for the Orb.
     0 | D:1      | Reached XP level 1. HP: 14/14 MP: 1/1
   104 | D:1      | Reached XP level 2. HP: 7/20 MP: 2/2
   280 | D:1      | Reached XP level 3. HP: 24/24 MP: 3/3
   624 | D:1      | Reached skill level 4 in Fighting
   889 | D:2      | Reached ** piety under Trog
   974 | D:2      | Reached XP level 4. HP: 29/29 MP: 4/4
  1045 | D:2      | Noticed Terence
  1057 | D:2      | Slain by Terence

Illustrated notes

Levels and vault maps discovered:
D:1:      ncdulo_smallfort, layout_loops_ring
D:2:      layout_basic, uniq_terence

Skill      XL: |  1  2  3 |
---------------+----------+-----
Axes           | 3 |  3.5
Fighting       | 4 |  4.1
Armour         | |  2.6
Dodging        | |  1.8
Stealth        | |  0.4

Action                     |  1- 3 |  4- 6 || total
---------------------------+-------+-------++-------
  Melee: Hand axe          |    98 |    15 ||   113
 Invoke: Berserk           |     1 |       ||     1
    Use: Scroll            |     3 |     1 ||     4
   Stab: Sleeping          |     2 |       ||     2
 Armour: Animal skin       |     7 |       ||     7
         Ring mail         |    48 |     2 ||    50
  Dodge: Dodged            |    70 |     5 ||    75
  Block: Other             |     1 |     4 ||     5

Table legend: (Time is in decaauts)
 A = Elapsed time spent in this place.
 B = Non-inter-level travel time spent in this place.
 C = Inter-level travel time spent in this place.
 D = Time resting spent in this place.
 E = Time spent auto-exploring this place.
 F = Levels seen in this place.
 G = Mean time per level.
                   A        B        C        D        E       F      G
               +--------+--------+--------+--------+--------+-----+--------+
         Total |   1085 |   1034 |     51 |      0 |    694 |   2 |  542.5 |
       Dungeon |   1085 |   1034 |     51 |      0 |    694 |   2 |  542.5 |
               +--------+--------+--------+--------+--------+-----+--------+

Top non-repeatable levels by time:
     D:1: 880 daAuts
     D:2: 204 daAuts
